Map: [ESL] Oceanborn

Players

Highdra

  • Race: Protoss Protoss
  • Spawn Location: 5:00

VITRyung (Ryung) - Winner!

  • Race: Terran Terran
  • Spawn Location: 11:00

Event: HomeStory Cup XXV

VOD

Have the link to the VOD?

Description

Time

  • Played on: June 21, 2024, 6:33 a.m.
  • Length: 10:32

All games in this series

Show
View Real Time Build Order
Export as new Build Order

Highdra Protoss 

Build Orders: 1 Gate Expand, Blink Stalkers 

Get SALT Encoding   

  12  0:00  Probe  
  13  0:12  Probe  
  14  0:16  Pylon  
  14  0:24  Probe (Chrono Boost)  
  16  0:36  Gateway, Probe (Chrono Boost)  
  16  0:43  Probe (Chrono Boost)  
  16  0:45  Assimilator  
  17  0:51  Probe  
  18  1:03  Probe  
  19  1:15  Probe  
  20  1:23  Cybernetics Core  
  22  1:34  Nexus  
  20  1:40  Pylon  
  20  1:42  Probe  
  21  1:52  Assimilator  
  21  1:54  Probe  
  21  1:56  Adept (Chrono Boost)  
  21  1:59  Warp Gate  
  24  2:06  Probe  
  25  2:14  Shield Battery  
  25  2:16  Adept (Chrono Boost)  
  25  2:20  Probe  
  28  2:34  Twilight Council  
  28  2:37  Probe  
  28  2:40  Stalker  
  31  2:46  Probe (Chrono Boost)  
  33  2:55  Probe (Chrono Boost)  
  34  2:58  Probe (Chrono Boost)  
  34  3:03  Probe x2 (Chrono Boost)  
  36  3:09  Gateway  
  36  3:13  Probe  
  36  3:15  Probe  
  38  3:25  Blink (Chrono Boost), Probe  
  39  3:28  Probe  
  39  3:29  Pylon  
  40  3:36  Robotics Facility  
  40  3:38  Probe  
  40  3:40  Probe  
  42  3:42  Gateway  
  42  3:50  Probe  
  42  3:52  Probe  
  44  3:58  Stalker  
  46  4:05  Pylon  
  46  4:06  Stalker  
  46  4:09  Probe x2  
  48  4:26  Probe x2  
  48  4:31  Stalker x2  
  53  4:39  Probe x2  
  55  4:54  Observer (Chrono Boost)  
  55  4:55  Probe  
  55  4:56  Nexus, Probe  
  55  4:58  Assimilator  
  58  5:01  Assimilator  
  58  5:08  Probe x2  
  60  5:20  Robotics Bay, Probe x2  
  61  5:30  Pylon  
  61  5:32  Probe  
  61  5:33  Pylon  
  62  5:39  Charge (Chrono Boost)  
  62  5:47  Pylon  
  62  5:48  Stalker, Probe x2  
  62  5:49  Stalker x2  
  70  5:53  Shield Battery  
  69  6:00  Probe x2  
  68  6:08  Colossus (Chrono Boost)  
  68  6:13  Probe x2  
  68  6:15  Probe  
  77  6:25  Probe x2  
  78  6:27  Probe  
  79  6:33  Gateway  
  79  6:36  Gateway  
  79  6:37  Gateway  
  79  6:45  Gateway  
  79  6:46  Gateway  
  79  6:48  Probe  
  79  6:51  Probe x2  
  80  6:57  Colossus (Chrono Boost)  
  86  7:04  Zealot x2, Sentry  
  92  7:08  Probe x2  
  92  7:09  Probe  
  95  7:17  Pylon  
  95  7:20  Probe  
  95  7:21  Pylon, Probe x2  
  98  7:24  Zealot  
  98  7:28  Pylon x2  
  98  7:34  Warp Prism  
  100  7:37  Stalker x2  
  100  7:43  Zealot x3  
  108  7:48  Pylon  
  106  7:59  Zealot x3  
  106  8:05  Robotics Bay  
  110  8:07  Zealot x5  
  110  8:09  Pylon  
  110  8:11  Pylon  
  112  8:20  Stalker x3  
  116  8:30  Probe x3  
  119  8:35  Stalker x3  
  125  8:47  Stalker x3  
  120  8:58  Probe x3  
  120  9:01  Zealot x3  
  122  9:13  Zealot x5  
  130  9:26  Stalker x3  
  136  9:34  Zealot x3  
  132  9:44  Zealot x2  
  128  10:07  Zealot x7  
  128  10:09  Stalker  
Show
View Real Time Build Order
Export as new Build Order

VITRyung Terran - Winner!

Build Orders:  

Get SALT Encoding   

  12  0:00  SCV  
  13  0:12  SCV  
  14  0:17  Supply Depot  
  14  0:24  SCV  
  15  0:38  SCV  
  15  0:40  Barracks  
  16  0:44  Refinery  
  16  0:51  SCV  
  17  1:03  SCV  
  18  1:15  SCV  
  19  1:27  Orbital Command, Marine  
  20  1:39  Command Center  
  20  1:51  Factory  
  20  1:54  SCV  
  21  2:02  Refinery  
  21  2:05  Barracks Reactor  
  21  2:07  SCV  
  22  2:12  Supply Depot  
  22  2:19  SCV  
  23  2:33  SCV  
  23  2:35  Starport, Hellion  
  26  2:41  Marine x2  
  28  2:45  SCV  
  29  2:56  Widow Mine  
  29  2:57  SCV  
  32  3:02  Marine  
  32  3:03  Marine  
  34  3:11  Orbital Command  
  34  3:12  SCV, Medivac  
  35  3:18  Widow Mine  
  39  3:24  SCV  
  40  3:28  Supply Depot  
  40  3:32  Marine x2  
  42  3:36  SCV  
  42  3:39  SCV, Barracks  
  42  3:41  Factory Tech Lab  
  44  3:44  Starport Tech Lab  
  44  3:48  SCV  
  44  3:51  SCV  
  46  3:55  Supply Depot  
  46  3:59  Siege Tank  
  46  4:01  SCV  
  50  4:04  SCV  
  50  4:06  Raven  
  53  4:14  SCV  
  54  4:17  SCV  
  54  4:20  Marine  
  54  4:21  Marine  
  55  4:26  SCV  
  55  4:29  SCV  
  57  4:34  Supply Depot, Siege Tank  
  60  4:39  SCV, Bunker  
  60  4:41  SCV  
  62  4:47  Barracks  
  62  4:52  Supply Depot  
  62  4:53  Stimpack  
  62  4:55  SCV x2  
  62  4:57  Refinery  
  62  4:59  Supply Depot  
  64  5:01  Marine, Engineering Bay  
  64  5:02  Marine x2  
  67  5:08  SCV x2  
  69  5:20  SCV x2  
  71  5:22  Starport Reactor  
  71  5:25  Marine x2  
  71  5:26  Marine, Refinery  
  74  5:29  Terran Infantry Weapons Level 1  
  74  5:32  Supply Depot, SCV x2  
  74  5:33  Factory Reactor  
  76  5:38  Command Center  
  76  5:40  Combat Shield  
  76  5:44  SCV x2  
  76  5:45  Marauder  
  76  5:47  Marauder  
  76  5:48  Marine  
  76  5:49  Marine  
  82  5:58  Supply Depot  
  82  5:59  Medivac  
  82  6:00  Supply Depot, Medivac  
  86  6:08  Marine x2, Marauder  
  86  6:09  Marauder  
  86  6:10  Widow Mine  
  94  6:16  Supply Depot  
  94  6:20  Widow Mine  
  96  6:27  Marine  
  96  6:28  Supply Depot, Marine  
  96  6:30  Marauder x2  
  96  6:31  Supply Depot  
  96  6:32  Medivac x2  
  106  6:35  Widow Mine  
  108  6:40  Concussive Shells  
  108  6:41  Widow Mine  
  110  6:49  SCV x2  
  110  6:53  Marine, Marauder, Barracks  
  110  6:54  Barracks  
  115  7:00  Marauder  
  117  7:01  SCV x2  
  117  7:08  Supply Depot  
  119  7:11  Medivac  
  119  7:13  SCV  
  119  7:14  SCV  
  123  7:20  Marine x2, Marauder  
  123  7:21  Marauder  
  130  7:23  Orbital Command  
  130  7:26  SCV  
  130  7:28  Viking  
  132  7:37  SCV  
  132  7:38  SCV, Marine  
  132  7:41  Marauder  
  132  7:43  Marine, Marauder  
  132  7:44  Barracks Tech Lab, Barracks Reactor  
  139  7:46  Terran Infantry Armor Level 1  
  139  7:49  SCV  
  139  7:50  SCV  
  141  7:58  SCV  
  137  7:59  Marine  
  137  8:01  SCV, Marine  
  137  8:02  SCV  
  137  8:03  Marauder  
  137  8:04  Widow Mine x2, Viking x2  
  137  8:05  Marauder  
  153  8:17  Marauder  
  153  8:19  Marine x2  
  157  8:24  Marauder  
  157  8:27  Ghost Academy  
  157  8:29  Supply Depot  
  157  8:31  Supply Depot  
  157  8:32  Supply Depot, SCV x2, Marine x2, Marauder  
  163  8:37  Viking  
  163  8:41  Viking  
  165  8:45  Marauder  
  165  8:50  Marine x2  
  165  8:51  Marine x2, Marauder  
  165  8:54  Marauder  
  173  8:56  Command Center  
  173  8:57  SCV, Refinery, Engineering Bay  
  173  8:58  SCV x2, Refinery  
  173  8:59  Armory  
  174  9:08  Ghost  
  173  9:10  Marine x2  
  173  9:11  Supply Depot  
  173  9:12  Ghost  
  173  9:14  Ghost, Widow Mine  
  173  9:15  Widow Mine  
  183  9:24  Marine x2  
  183  9:28  Viking x2  
  182  9:38  Marine x2  
  182  9:39  Ghost  
  182  9:40  Ghost  
  182  9:43  Supply Depot  
  182  9:52  Widow Mine x2  
  186  9:53  Marine x2  
  186  9:54  Ghost  
  186  10:08  Marauder  
  186  10:09  Marauder  
Tags
 
Add a new tag
Caveats
  • Supply blocks, unpowered buildings, or Contaminate may cause inaccurate times.
  • Supply counts are checked every 10 seconds.